 Dungeon Crawl Stone Soup version 0.31-a0-174-g85c54bcb58 (webtiles) character file.

Game seed: 9203670959971661926

122 qw the Chopper (level 5, -1/32 HPs)
             Began as a Gargoyle Fighter on June 15, 2023.
             Killed from afar by an orc wizard (6 damage)
             ... with a puff of flame
             ... on level 2 of the Dungeon.
             The game lasted 00:01:19 (2462 turns).

qw the Chopper (Gargoyle Fighter)                   Turns: 2462, Time: 00:01:20

Health: -1/32      AC: 13    Str: 22    XL:     5   Next: 6%
Magic:  5/5        EV:  8    Int:  8    God:
Gold:   117        SH:  4    Dex:  9    Spells: 4/4 levels left

rFire   . . .        Y - +1 war axe (freeze)
rCold   . . .        c - +0 buckler
rNeg    + . .        k - +0 chain mail
rPois   inf          (no helmet)
rElec   +            (no cloak)
rCorr   .            (no gloves)
SInv    .            (no boots)
Will    .....        (no amulet) Stlth
                     (no ring)
HPRegen 0.25/turn    (no ring)
MPRegen 0.09/turn

%: no passive effects
@: no status effects
A: sickness immunity, AC +4, negative energy resistance 1, electricity
resistance, torment resistance 1, petrification resistance
a: no special abilities


You were on level 2 of the Dungeon.
You visited 1 branch of the dungeon, and saw 3 of its levels.

You collected 117 gold pieces.


Innate Abilities, Weirdness & Mutations

You are immune to sickness and miasma.
Your stone body is resilient. (AC +4)
You are immune to poison.
You resist negative energy. (rN+)
You are resistant to electric shocks. (rElec)
You are resistant to unholy torment.
You are immune to petrification.


   Skills:
 - Level 3.2 Fighting
 + Level 4.6 Axes
 - Level 3.2 Armour
 - Level 3.2 Shields


You had 4 spell levels left.
You didn't know any spells.
Your spell library was empty.

Inventory:

Hand Weapons
 a - a +0 mace
 Y - a +1 war axe of freezing (weapon)
Armour
 c - a +0 buckler (worn)
 k - a +0 chain mail (worn)
Jewellery
 l - a ring of ice
Scrolls
 e - a scroll of identify
Potions
 d - a potion of might
 f - a potion of haste
 g - a potion of lignification {unknown}
 j - a potion of attraction

Dungeon Overview and Level Annotations

Branches:
Dungeon (3/15)

Altars:


Message History

Something tries to affect you, but you resist.
You closely miss something.
Something hits you but does no damage. x2
You barely miss something. Something hits you.
You closely miss something. You block something's attack.
You barely miss something.
Something hits you but does no damage. x2
You closely miss something. Something hits you but does no damage.
You barely miss something. Something hits you.
You closely miss something. Something hits you but does no damage.
You barely miss something. You block something's attack.
You hear some strange, mumbled words.
You are confused.
A magic dart appears from out of thin air!
The magic dart hits you!
You're too confused to move!
You miss something.
You hear some strange, mumbled words.
Something tries to affect you, but you resist.
You're too confused to move!
Something hits you but does no damage.
You're too confused to move!
You feel less confused. Something hits you but does no damage.
You hit something. You freeze something. Something hits you but does no damage.
You barely miss something.
You hear some strange, mumbled words.
A puff of flame appears from out of thin air!
The puff of flame hits you!
You hear some strange, mumbled words.
A puff of flame appears from out of thin air!
The puff of flame hits you.
You die...

...###...#####.#..........# #.#
...........# #.###[.......# #.#
#.####.....###.# ##'##'########.#
#.#............# #.##.#........#
#.#.##.############.##.#.#####..#
#.#..#.#............##.#.# #..#
#.##.#........########.#.# #..#
#.##.###.#....######.....# #..#
#.##.....%....){@....#.### #..#
.......#.##.#.>....).#.#######..#
#.#...........)%.....#..........#
#....#.#.#####.......#...........
#<...#.#.............#........###
#....#.#.#.###.>..)..########.#
#....#.#.#.# #.......# #.#
.....#.....# #.......# #.#
#.#+###..### #.......# #.#


There were no monsters in sight!

Vanquished Creatures
  4 adders (D:2)
  A worm (D:2)
  4 dart slugs
  9 orcs
  2 ball pythons
  4 endoplasms
  4 giant cockroaches (D:1)
  9 goblins
  5 hobgoblins
  A quokka (D:1)
  7 bats
  2 frilled lizards
  4 kobolds (D:1)
  11 rats
67 creatures vanquished.

Notes
Turn   | Place    | Note
-------+----------+-------------------------------------------
     0 | D:1      | qw the Gargoyle Fighter began the quest for the Orb.
     0 | D:1      | Reached XP level 1. HP: 14/14 MP: 1/1
     0 | D:1      | 0 ||| qw: Version: 0.2-a-29-g511e9b1
     0 | D:1      | 0 ||| qw: Game counter: 5566
     0 | D:1      | 0 ||| qw: Always use a shield: true
     0 | D:1      | 0 ||| qw: God list: Okawaru
     0 | D:1      | 0 ||| qw: Allow faded altars: false
     0 | D:1      | 0 ||| qw: Do Orc after D:15 true
     0 | D:1      | 0 ||| qw: Do second Lair branch before Depths: true
     0 | D:1      | 0 ||| qw: Lair rune preference: random
     0 | D:1      | 0 ||| qw: Plans: Normal, Zot:1-4, Slime:5, God:TSO, Crypt,
                  | Tomb, Abyss, Pan, Hells, Win
     0 | D:1      | 0 ||| PLANNING D:1-11
    49 | D:1      | Reached skill level 2 in Axes
   122 | D:1      | Reached XP level 2. HP: 19/19 MP: 2/2
   165 | D:1      | 165 ||| DROPPING +0 club.
   282 | D:1      | 282 ||| Stepping ~*~*~tactically~*~*~ (stealth).
   285 | D:1      | Reached skill level 3 in Axes
   432 | D:1      | Reached XP level 3. HP: 23/23 MP: 3/3
   438 | D:1      | 438 ||| Stepping ~*~*~tactically~*~*~ (stealth).
   522 | D:1      | 522 ||| Stepping ~*~*~tactically~*~*~ (hiding).
   877 | D:1      | Found a faded altar of an unknown god.
   969 | D:1      | 969 ||| Stepping ~*~*~tactically~*~*~ (hiding).
  1161 | D:1      | 1161 ||| READING scroll labelled CYXTAE YLAE.
  1165 | D:1      | 1165 ||| READING scroll labelled MAEXKA HIMI.
  1166 | D:1      | 1166 ||| READING scroll labelled VUIRGH JEYQE.
  1167 | D:1      | 1167 ||| READING scroll labelled ABBUTSO LYCHES.
  1198 | D:2      | 1198 ||| DROPPING +0 whip.
  1234 | D:2      | 1234 ||| Stepping ~*~*~tactically~*~*~ (hiding).
  1254 | D:2      | 1254 ||| Stepping ~*~*~tactically~*~*~ (hiding).
  1486 | D:2      | Reached XP level 4. HP: 23/28 MP: 4/4
  1538 | D:2      | Reached skill level 4 in Axes
  1645 | D:2      | 1645 ||| Stepping ~*~*~tactically~*~*~ (hiding).
  2361 | D:2      | 2361 ||| UPGRADING to +0 chain mail.
  2371 | D:2      | 2371 ||| DROPPING +0 scale mail.
  2372 | D:2      | 2372 ||| READING 2 scrolls labelled DAKAIT KYDUOVU.
  2373 | D:2      | 2373 ||| READING scroll labelled YKLOHO MIMILE.
  2374 | D:2      | 2374 ||| READING scroll labelled WABLAVE GOWY.
  2375 | D:2      | 2375 ||| DRINKING 2 bubbling red potions.
  2376 | D:2      | 2376 ||| DRINKING 2 amethyst potions.
  2409 | D:2      | 2409 ||| Stepping ~*~*~tactically~*~*~ (stealth).
  2426 | D:3      | Reached XP level 5. HP: 32/32 MP: 5/5
  2430 | D:3      | 2430 ||| STAIRDANCE
  2462 | D:2      | HP: 5/32 [something/puff of flame (8)]
  2462 | D:2      | Killed from afar by an orc wizard

Levels and vault maps discovered:
D:1:      dpeg_arrival_subterranean_lakeside_camping, layout_loops_ring,
          ebering_ecumenical_altar_rust, minmay_quantized
D:2:      layout_basic
D:3:      minmay_inner_zag, layout_basic, tgw_trog, overflow_temple_1_default,
          minmay_misc_feat_square, minmay_quadrilaterals

Skill      XL: |  1  2  3  4 |
---------------+-------------+-----
Axes           | 2 3 4 |  4.6
Fighting       | |  3.2
Armour         | |  3.2
Shields        | |  3.2

Action                     |  1- 3 |  4- 6 || total
---------------------------+-------+-------++-------
  Melee: War axe           |   134 |    97 ||   231
    Use: Scroll            |     4 |     3 ||     7
         Potion            |       |     2 ||     2
 Armour: Scale mail        |    62 |    39 ||   101
         Chain mail        |       |    26 ||    26
  Dodge: Dodged            |    57 |    38 ||    95
  Block: Buckler           |    25 |    18 ||    43

Table legend:
 A = Non-vault XP
 B = Vault XP
 C = Vault XP percentage of total XP
 D = Non-vault monster count
 E = Vault monster count
 F = Vault count percentage of total count
                 A         B        C        D         E       F
            +---------+---------+-------+---------+---------+-------
      Total |     159 |      16 |   9.1 |      58 |       9 |  13.4
            +---------+---------+-------+---------+---------+-------
        D:1 |      46 |      16 |  25.8 |      28 |       9 |  24.3
        D:2 |     104 |       0 |   0.0 |      27 |       0 |   0.0
        D:3 |       9 |       0 |   0.0 |       3 |       0 |   0.0
            +---------+---------+-------+---------+---------+-------
